 Dungeon Crawl Stone Soup version 0.18.1-48-g4cf74bf (webtiles) character file.

46 MTVSty1e the Shield-Bearer (level 3, 0/24 HPs)
             Began as a Gargoyle Fighter on Aug 7, 2016.
             Killed from afar by Natasha (1 damage)
             ... with a magic dart
             ... on level 2 of the Dungeon.
             The game lasted 00:02:44 (806 turns).

MTVSty1e the Shield-Bearer (Gargoyle Fighter)        Turns: 806, Time: 00:02:44

Health: 0/24       AC: 10    Str: 25    XL:     3   Next: 68%
Magic:  0/3        EV:  8    Int:  8    God:
Gold:   49         SH:  9    Dex:  9    Spells: 0 memorised, 2 levels left

rFire  . . .     SeeInvis .     a - +0 flail
rCold  . . .     Gourm    .     b - +0 scale mail
rNeg   + . .     Faith    .     c - +0 shield
rPois  ∞         Spirit   +     (no helmet)
rElec  +         Dismiss  .     (no cloak)
rCorr  .         Reflect  .     (no gloves)
SustAt .         Harm     .     (no boots)
MR     .....                    i - amulet of guardian spirit
Stlth  ..........               (no ring)
                                (no ring)

@: mighty, not resistant to hostile enchantments, extremely unstealthy
A: negative energy resistance 1, electricity resistance, unbreathing,
petrification resistance, rot immunity, AC +3
a: no special abilities


You were on level 2 of the Dungeon.
You were not hungry.

You visited 1 branch of the dungeon, and saw 2 of its levels.

You collected 49 gold pieces.

Inventory:

Hand Weapons
 a - a +0 flail (weapon)
Armour
 b - a +0 scale mail (worn)
 c - a +0 shield (worn)
Jewellery
 i - an amulet of guardian spirit (around neck)
Scrolls
 e - a scroll of fear {unknown}
 j - a scroll of fog
 l - a scroll of remove curse {unknown}
Potions
 h - a potion of lignification
Comestibles
 f - a bread ration
 g - a meat ration


   Skills:
 * Level 3.7 Fighting
 * Level 2.2 Maces & Flails
 + Level 3.4 Armour
 * Level 1.0 Dodging
 + Level 4.1 Shields


You had 2 spell levels left.
You didn't know any spells.

Dungeon Overview and Level Annotations

Branches:
Dungeon (2/15)

Altars:

Annotations:
D:2 Natasha


Innate Abilities, Weirdness & Mutations

You are resistant to torment.
Your stone body is resilient (AC +3).
You are immune to poison.
You resist negative energy.
You are resistant to electric shocks.
You can survive without breathing.
You are immune to petrification.
You are immune to rotting.


Message History

You barely miss Natasha.
Natasha is heavily wounded.
Natasha claws you but does no damage. You block Natasha's attack.
You barely miss Natasha.
Natasha is heavily wounded.
Natasha stares at you and mumbles some strange words.
The magic dart hits you!
You closely miss Natasha.
Natasha is heavily wounded.
Natasha claws you but does no damage. You block Natasha's attack.
Your shield prevents you from hitting Natasha.
Natasha is heavily wounded.
Natasha claws you.
* * * LOW HITPOINT WARNING * * *
Your shield prevents you from hitting Natasha.
Natasha is heavily wounded.
Natasha barely misses you.
Natasha stares at you and mumbles some strange words.
The magic dart hits you!
You die...

##### ###...#####
##.........###
##.....####...##
#....##....##..##
##...#........#.. #
#.%.#.#......#.# ..
#...#..#....#..#...
#.@#....#..#....#
#.h#....(##.....#
#...#.....##[....#
#...#.(..#..#....# .
#....#..#....#..#..#
#....#.#......#.#.##
#.....#....†)..#..#
#...#..##..).##..##
########.###...####....#


You could see Natasha.

Vanquished Creatures
  An adder (D:2)
  4 dart slugs
  2 giant geckos (D:1)
  2 giant cockroaches (D:1)
  6 goblins
  3 hobgoblins
  4 bats
  A giant newt (D:1)
  3 kobolds
  3 rats
29 creatures vanquished.

Notes
Turn   | Place    | Note
--------------------------------------------------------------
     0 | D:1      | MTVSty1e the Gargoyle Fighter began the quest for the Orb.
     0 | D:1      | Reached XP level 1. HP: 14/14 MP: 1/1
   182 | D:1      | Reached XP level 2. HP: 15/19 MP: 2/2
   605 | D:1      | Reached XP level 3. HP: 23/24 MP: 3/3
   753 | D:2      | Reached skill level 4 in Shields
   755 | D:2      | Reached skill level 1 in Dodging
   786 | D:2      | Noticed Natasha
   805 | D:2      | HP: 1/24 [Natasha (2)]
   806 | D:2      | Killed from afar by Natasha

Skill      XL: |  1  2  3 |
---------------+----------+-----
Shields        | 4 |  4.1
Dodging        | 1 |  1.0
Fighting       | |  3.7
Maces & Flails | |  2.2
Armour         | |  3.4

Action                   || total
-------------------------++-------
Melee: Flail             ||    98
  Use: Scroll            ||     2
       Potion            ||     2
Armor: Scale mail        ||    71
Dodge: Dodged            ||    48
Block: Shield            ||    65
